 Dungeon Crawl Stone Soup version 0.30-a0-824-g6c64550be9 (webtiles) character file.

Game seed: 15374224465523179368

16 Ghostmaker01 the Chiller (level 2, 0/11 HPs)
             Began as a Felid Ice Elementalist on Feb 27, 2023.
             Slain by a kobold
             ... wielding a +5 dagger
              (6 damage)
             ... on level 1 of the Dungeon.
             The game lasted 00:02:01 (595 turns).

Ghostmaker01 the Chiller (Felid Ice Elementalist)    Turns: 595, Time: 00:02:02

Health: 0/11       AC:  1    Str:  4    XL:     2   Next: 37%
Magic:  5/6        EV: 17    Int: 16    God:
Gold:   28         SH:  0    Dex: 16    Spells: 4/5 levels left
                                        Lives:  0   Deaths: 0

rFire   . . .      SeeInvis +    (weapon unavailable)
rCold   . . .      Faith    .    (shield unavailable)
rNeg    . . .      Spirit   .    (body armour unavailable)
rPois   +          Reflect  .    (helmet unavailable)
rElec   .          Harm     .    (cloak unavailable)
rCorr   .          Rampage  .    (gloves unavailable)
Will    .....                    (boots unavailable)
Stlth   ++                       (no amulet)
HPRegen 0.21/turn                c - ring of poison resistance
MPRegen 0.10/turn                e - ring of wizardry

@: quick
A: very small, claws 1, fangs 3, see invisible, speed 1, shaggy fur 1, stealthy
paws, no weapons or thrown items, no armour, multi-lived
a: no special abilities


You were on level 1 of the Dungeon.
You visited 1 branch of the dungeon, and saw 1 of its levels.

You collected 28 gold pieces.

Inventory:

Missiles
 h - 5 boomerangs
Magical Staves
 d - a staff of fire
Jewellery
 c - a ring of poison resistance (left paw)
 e - a ring of wizardry (right paw)
 f - a ring of poison resistance
Scrolls
 g - 2 scrolls of teleportation {unknown}
 i - a scroll of amnesia {unknown}
 j - a scroll of poison {unknown}
 k - a scroll of fog {unknown}
Potions
 a - a potion of magic
 b - 2 potions of lignification {unknown}


   Skills:
 + Level 2.8 Dodging
 * Level 2.8 Stealth
 * Level 2.3 Spellcasting
 + Level 3.9 Ice Magic


You had 4 spell levels left.
You knew the following spells:

 Your Spells              Type           Power      Damage    Failure   Level
a - Freeze                Ice            56%        1d7       1%          1

Your spell library contained the following spells:

 Spells                   Type           Power      Damage    Failure   Level
 Frozen Ramparts          Ice            28%        1d5       4%          3
 Ozocubu's Armour         Ice            14%        N/A       4%          3
 Summon Ice Beast         Ice/Summ       8%         N/A       32%         4


Dungeon Overview and Level Annotations

Branches:
Dungeon (1/15)

Altars:


Innate Abilities, Weirdness & Mutations

You have sharp claws.
You have razor-sharp teeth.
You have supernaturally acute eyesight. (SInv)
You cover ground quickly. (Speed+)
You are covered in fur. (AC +1)
Your paws help you pounce on unaware monsters.
You are incapable of wielding weapons or throwing items.
You cannot wear armour.
You gain extra lives every three experience levels.


Message History

The giant cockroach barely misses you.
Casting: Freeze (safe; 1% risk of failure)
Confirm with . or Enter, or press ? or * to list all spells.
Aiming: Freeze (safe; 1% risk of failure)
Press: ? - help, Shift-Dir - straight line, f - giant cockroach
Aim: a giant cockroach You freeze the giant cockroach.
The giant cockroach is severely wounded.
The giant cockroach bites you.
The giant cockroach bites you but does no damage.
You scratch the giant cockroach but do no damage.
The giant cockroach is severely wounded.
The giant cockroach bites you but does no damage.
Casting: Freeze (safe; 1% risk of failure)
Confirm with . or Enter, or press ? or * to list all spells.
You don't know that spell.
Unknown command.
Unknown command.
Casting: Freeze (safe; 1% risk of failure)
Confirm with . or Enter, or press ? or * to list all spells.
Aiming: Freeze (safe; 1% risk of failure)
Press: ? - help, Shift-Dir - straight line, f/p - giant cockroach
Aim: a giant cockroach (severely wounded)
You freeze the giant cockroach.
You kill the giant cockroach!
HP restored.
You see here a giant cockroach corpse.
A kobold comes into view. It is wielding a +5 dagger.
The kobold shouts!
The kobold hits you with a +5 dagger.
Casting: Freeze (safe; 1% risk of failure)
Confirm with . or Enter, or press ? or * to list all spells.
Aiming: Freeze (safe; 1% risk of failure)
Press: ? - help, Shift-Dir - straight line, f - kobold
Aim: a kobold, wielding a +5 dagger You freeze the kobold.
The kobold is heavily wounded.
The kobold hits you with a +5 dagger.
Ouch! That really hurt!
You die...

#########.##
#.........†... #.#
####..........
#.......# #######.###
#.#####.. ..# #.# ###
#.# #.# #####
#.####...# #######
#...K@.#.#######......
######...........#####
#############


You could see a kobold.

Vanquished Creatures
  2 ball pythons (D:1)
  3 giant cockroaches (D:1)
  3 goblins (D:1)
  2 hobgoblins (D:1)
  A quokka (D:1)
  A frilled lizard (D:1)
  2 rats (D:1)
14 creatures vanquished.

Notes
Turn   | Place    | Note
-------+----------+-------------------------------------------
     0 | D:1      | Ghostmaker01 the Felid Ice Elementalist began the quest for
                  | the Orb.
     0 | D:1      | Reached XP level 1. HP: 7/7 MP: 4/4
   222 | D:1      | Reached XP level 2. HP: 11/11 MP: 0/6
   595 | D:1      | Slain by a kobold

Illustrated notes

Levels and vault maps discovered:
D:1:      grunt_arrival_lava_bath, layout_loops_ring

Action                     || total
---------------------------++-------
  Melee: Unarmed           ||     8
   Cast: Freeze            ||    18
 Armour: Skin              ||     2
  Dodge: Dodged            ||    13

Table legend: (Time is in decaauts)
 A = Elapsed time spent in this place.
 B = Non-inter-level travel time spent in this place.
 C = Inter-level travel time spent in this place.
 D = Time resting spent in this place.
 E = Time spent auto-exploring this place.
 F = Levels seen in this place.
 G = Mean time per level.
                   A        B        C        D        E       F      G
               +--------+--------+--------+--------+--------+-----+--------+
         Total |    515 |    510 |      5 |     44 |    334 |   1 |  515.0 |
       Dungeon |    515 |    510 |      5 |     44 |    334 |   1 |  515.0 |
               +--------+--------+--------+--------+--------+-----+--------+

Top non-repeatable levels by time:
     D:1: 515 daAuts
